 Dungeon Crawl Stone Soup version 0.26-a0-259-g1effd001a9 (webtiles) character file.

Game seed: 746273160034928853

14455 sanka the Fighter (level 12, -2/102 HPs)
             Began as a Barachi Ice Elementalist on July 13, 2020.
             Was an Elder of Vehumet.
             Killed from afar by a gargoyle (19 damage)
             ... with a stone arrow
             ... on level 11 of the Dungeon.
             The game lasted 00:30:38 (13754 turns).

sanka the Fighter (Barachi Ice Elementalist)       Turns: 13754, Time: 00:30:38

Health: -2/102     AC:  8    Str: 11    XL:     12   Next: 16%
Magic:  1/21       EV: 22    Int: 25    God:    Vehumet [****..]
Gold:   433        SH: 11    Dex: 19    Spells: 8/23 levels left

rFire    + . .     SeeInvis .   a - +10 falchion of Expedience {vorpal, +Blink rPois rF+}
rCold    . . .     Faith    .   S - +0 buckler
rNeg     . . .     Spirit   .   Q - +0 steam dragon scales
rPois    +         Reflect  +   l - +0 helmet
rElec    .         Harm     .   u - scarf {+Inv}
rCorr    .                      k - +0 pair of gloves
MR       .....                  t - +0 pair of boots
Stlth    ++........             H - amulet of reflection
HPRegen  0.27/turn              E - +6 ring of intelligence
MPRegen  0.17/turn              j - +6 ring of dexterity

@: frozen ramparts, slow
A: +LOS, swims, slowness 1, strong legs 1
a: Hop, Renounce Religion, Evoke Blink, Evoke Invisibility


You were on level 11 of the Dungeon.
You worshipped Vehumet.
Vehumet was greatly pleased with you.
You were not hungry.

You visited 2 branches of the dungeon, and saw 12 of its levels.
You also visited: Sewer.

You collected 433 gold pieces.


Innate Abilities, Weirdness & Mutations

You can be seen from farther away. (+LOS)
You can swim through water.
You cover ground slowly.
You can hop short distances.


   Skills:
 + Level 12.1 Fighting
 + Level 11.5 Dodging
 - Level 1.7 Stealth
 - Level 4.0 Shields
 - Level 6.0 Spellcasting
 - Level 4.0 Conjurations
 - Level 4.0 Summonings
 - Level 12.0 Ice Magic


You had 8 spell levels left.
You knew the following spells:

 Your Spells              Type           Power        Failure   Level
a - Ozocubu's Armour      Chrm/Ice       #####...     1%          3
u - Hailstorm             Conj/Ice       #####...     1%          4
x - Summon Ice Beast      Ice/Summ       #####...     2%          4
y - Frozen Ramparts       Ice            ######       1%          3
z - Freeze                Ice            ####         1%          1

Your spell library contained the following spells:

 Spells                   Type           Power        Failure   Level
 Iskenderun's Battlesphe  Conj/Chrm      ###.....     22%         5
 Summon Butterflies       Summ           ####....     1%          1
 Summon Small Mammal      Summ           ####         1%          1
 Ensorcelled Hibernation  Hex/Ice        #####.       1%          2
 Call Imp                 Summ           ####....     2%          2
 Dazzling Flash           Conj/Hex       ###...       2%          3
 Call Canine Familiar     Summ           ####....     4%          3
 Ice Form                 Ice/Tmut       #####...     6%          4
 Animate Skeleton         Necr           #.....       8%          1
 Apportation              Tloc           #.....       8%          1
 Beastly Appendage        Tmut           #.....       8%          1
 Corona                   Hex            #......      8%          1
 Summon Guardian Golem    Hex/Summ       ###.....     10%         3
 Sticks to Snakes         Tmut           #.......     11%         2
 Confusing Touch          Hex            #.......     22%         3
 Spider Form              Tmut/Pois      #.........   22%         3
 Tukima's Dance           Hex            #.......     22%         3
 Irradiate                Conj/Tmut      ###.......   22%         5
 Summon Lightning Spire   Summ/Air       ###.....     32%         4
 Yara's Violent Unravell  Hex/Tmut       #.........   45%         5
 Cause Fear               Hex            #.........   58%         4
 Summon Mana Viper        Hex/Summ       ###.....     65%         5
 Blade Hands              Tmut           #.........   90%         5
 Silence                  Hex/Air        #.........   90%         5
 Hydra Form               Tmut           #.........   100%        6
 Statue Form              Tmut/Erth      #........    100%        6
 Dragon Form              Tmut           #.........   100%        7
 Summon Hydra             Summ           ####......   100%        7
 Discord                  Hex            #.........   100%        8

Inventory:

Hand Weapons
 a - the +10 falchion of Expedience (weapon) {vorpal, +Blink rPois rF+}

   It inflicts extra damage upon your enemies.
   It protects you from fire.
   It protects you from poison.
   It lets you blink.
 b - a +0 hunting sling
Missiles
 e - 310 stones (quivered)
 r - 7 curare-tipped darts {=f}
 O - 3 throwing nets {=f}
Armour
 k - a +0 pair of gloves (worn)
 l - a +0 helmet (worn)
 t - a +0 pair of boots (worn)
 u - a scarf of invisibility (worn)
 Q - +0 steam dragon scales (worn)
 S - a +0 buckler (worn)
Magical Staves
 z - an uncursed staff of cold
 D - an uncursed staff of wizardry {!a}
Jewellery
 j - a +6 ring of dexterity (right hand)
 E - a +6 ring of intelligence (left hand)
 F - an uncursed ring of positive energy
 G - an uncursed ring of magical power
 H - an amulet of reflection (around neck)
 P - an uncursed ring of protection from cold
Wands
 s - a wand of enslavement (8)
 L - a wand of polymorph (1)
 M - a wand of flame (25)
Scrolls
 d - a scroll of amnesia {unknown}
 i - 4 scrolls of blinking
 n - 3 scrolls of remove curse
 o - 4 scrolls of teleportation {@r4}
 p - a scroll of noise {unknown}
 w - 2 scrolls of enchant armour {unknown}
 y - 3 scrolls of immolation {!r}
 A - 5 scrolls of enchant weapon
 I - 2 scrolls of magic mapping
 J - 2 scrolls of fear {unknown}
 R - a scroll of fog {unknown}
Potions
 f - 2 potions of stabbing
 g - 2 potions of cancellation {unknown}
 h - a potion of mutation {unknown}
 m - 3 potions of flight {unknown}
 q - a potion of haste {unknown}
 v - 4 potions of heal wounds {unknown}
 x - a potion of lignification {unknown}
 B - 5 potions of curing {@q1}
 C - 3 potions of brilliance {unknown}
 K - a potion of magic {unknown}
 N - a potion of resistance
Comestibles
 c - 23 rations

Dungeon Overview and Level Annotations

Branches:
Dungeon (11/15)            Temple (1/1) D:6            Lair (0/6) D:11
    Orc (0/2) D:9           Sewer (visited)

Altars:
Ashenzari
Cheibriados
Dithmenos
Elyvilon
Fedhas
Gozag
Hepliaklqana
Kikubaaqudgha
Makhleb
Nemelex Xobeh
Okawaru
Qazlal
Ru
Sif Muna
Trog
Uskayaw
Vehumet
Wu Jian
Xom
Yredelemnul
Zin
The Shining One

▒.................▒
▒..▒▒▒..▒▒▒..▒▒...▒ ▒..▒
▒..▒ ▒..▒▒...▒ ▒ ▒..▒
▒..▒ ▒..▒▒...▒▒
▒.▒▒▒▒..▒ ▒..▒
▒..▒▒..... ▒.......▒
▒..▒▒▒..▒▒.....
▒.......▒
▒.......▒▒...▒▒
▒.......▒▒▒.......▒▒...▒
▒..▒▒▒.8F.†.▒▒▒▒▒......▒
▒.. ▒†▒▒▒..▒ ▒.▒▒▒..▒ ▒.
▒.▒ ▒..▒ ▒ ▒..▒ ▒ ▒.▒
▒..▒ ▒..▒ ▒.▒ ▒Y.▒ ▒..
... ▒..▒ ..▒ ▒Y.▒▒▒▒▒.▒
▒ 8▒ ▒B.......▒
.....s..........▒


You could see a gargoyle.


Message History

Things that are here:
a death yak corpse a death yak corpse You start resting.
Things that are here:
a death yak corpse a death yak corpse You start resting.
The gargoyle is too close now for your liking.
You don't have enough magic to cast that spell.
The gargoyle hits your ice beast with a +0 mace!
Your ice beast hits the gargoyle but does no damage.
The gargoyle hurls a stone arrow at you.
The stone arrow hits your ice beast.
Your ice beast barely misses the gargoyle.
The gargoyle hits your ice beast with a +0 mace!
Your ice beast dies!
You hit the gargoyle.
The gargoyle is moderately damaged.
The gargoyle hits you with a +0 mace!
* * * LOW HITPOINT WARNING * * *
You hit the gargoyle but do no damage.
The gargoyle is moderately damaged.
The gargoyle hits you with a +0 mace!
* * * LOW HITPOINT WARNING * * *
The walls around you are covered in ice.
The wall freezes the gargoyle!
The gargoyle hurls a stone arrow at you.
The stone arrow hits you!!
You die...

Action                   |  1- 3 |  4- 6 |  7- 9 | 10-12 || total
-------------------------+-------+-------+-------+-------++-------
Melee: Unarmed           |    11 |       |       |       ||    11
       Dagger            |    20 |    17 |    31 |       ||    68
       Flail             |       |     5 |       |       ||     5
       Whip              |       |       |   126 |   115 ||   241
       Falchion          |       |       |       |    51 ||    51
 Fire: Hunting sling     |     8 |   107 |       |       ||   115
Throw: Stone             |    14 |       |     1 |     1 ||    16
       Dart              |       |       |       |     2 ||     2
 Cast: Freeze            |    43 |    29 |    85 |   105 ||   262
       Frozen Ramparts   |     1 |     9 |    24 |    36 ||    70
       Ozocubu's Armour  |       |       |    15 |    39 ||    54
       Summon Ice Beast  |       |       |       |     8 ||     8
 Abil: Hop               |       |       |     1 |       ||     1
  Use: Potion            |       |     4 |     2 |       ||     6
       Scroll            |       |       |     5 |     3 ||     8
 Stab: Distracted        |       |       |       |     2 ||     2
       Sleeping          |       |       |       |     2 ||     2
  Eat: Ration            |     1 |     2 |     4 |     6 ||    13
Armor: Robe              |    12 |    16 |    63 |    42 ||   133
       Steam dragon scal |       |       |       |    22 ||    22
Dodge: Dodged            |    33 |    30 |   186 |   225 ||   474
Block: Other             |       |       |       |    47 ||    47
       Reflection        |       |       |       |     4 ||     4
       Buckler           |       |       |       |     5 ||     5
       Rpst.: Falchion   |       |       |       |    13 ||    13

Levels and vault maps discovered:
D:1:      ldierk_walled_garden_2, layout_basic
D:2:      layout_rooms
D:3:      layout_loops_ring, lemuel_round_altar, grunt_ministairs_9, uniq_ijyb,
          uniq_sigmund
D:4:      layout_cave_pools, first_ration, uniq_eustachio, uniq_duvessa,
          uniq_blork_the_orc, uniq_pikel, uniq_natasha
D:5:      minmay_angry_zag, layout_loops_cross, serial_bayou_pond_e,
          uniq_menkaure
D:6:      layout_basic, nicolae_dithmenos_through_a_glass_darkly,
          minmay_temple_entry_statues_fountains, gup_sewer_entry_glass,
          minmay_liquid_box, grunt_tough_drop
D:7:      layout_basic, nicolae_overflow_hidden_temple,
          grunt_temple_overflow_open
D:8:      layout_rooms, hangedman_pestilent_swarm, kennysheep_path_1,
          uniq_harold, uniq_psyche
D:9:      layout_basic, lemuel_coloured_pillars_altar,
          kennysheep_orc_monster_closet_entryway, minmay_librarian
D:10:     layout_big_octagon, serial_bayou_lagoon_a, nrook_loot_triangle
D:11:     layout_long_grid, dpeg_lair_monsters
Temple:   eino_temple_rhombus

Notes
Turn   | Place    | Note
-------+----------+-------------------------------------------
     0 | D:1      | sanka the Barachi Ice Elementalist began the quest for the
                  | Orb.
     0 | D:1      | Reached XP level 1. HP: 13/13 MP: 3/3
   118 | D:1      | Reached skill level 5 in Ice Magic
   363 | D:1      | Reached XP level 2. HP: 19/19 MP: 0/5
   932 | D:1      | Reached XP level 3. HP: 18/24 MP: 4/7
   939 | D:1      | Reached skill level 3 in Spellcasting
  1101 | D:1      | Learned a level 3 spell: Frozen Ramparts
  1105 | D:1      | Learned a level 3 spell: Ozocubu's Armour
  1391 | D:2      | Reached skill level 6 in Ice Magic
  1482 | D:2      | Reached XP level 4. HP: 30/30 MP: 8/8
  2013 | D:2      | Reached XP level 5. HP: 35/35 MP: 9/9
  2068 | D:3      | Reached skill level 7 in Ice Magic
  2320 | D:3      | Noticed Ijyb
  2334 | D:3      | Killed Ijyb
  2406 | D:3      | Found an ancient bone altar of Kikubaaqudgha.
  2415 | D:3      | Noticed Sigmund
  2443 | D:3      | Killed Sigmund
  2443 | D:3      | Reached skill level 8 in Ice Magic
  2443 | D:3      | Reached XP level 6. HP: 27/41 MP: 5/10
  2589 | D:3      | Reached skill level 9 in Ice Magic
  3466 | D:4      | Noticed Blork the orc
  3489 | D:4      | HP: 2/41 [something/puff of frost (10)]
  3494 | D:4      | Killed Blork the orc
  3494 | D:4      | Reached XP level 7. HP: 10/46 MP: 0/11
  3796 | D:4      | Noticed Eustachio
  3830 | D:4      | Killed Eustachio
  3830 | D:4      | Reached skill level 10 in Ice Magic
  4100 | D:4      | Noticed Natasha
  4110 | D:4      | Killed Natasha
  4153 | D:4      | Noticed Duvessa
  4158 | D:4      | Noticed Dowan
  4159 | D:4      | Learned a level 4 spell: Summon Ice Beast
  4165 | D:4      | Killed Duvessa
  4168 | D:4      | HP: 3/46 [Dowan/+0 dagger (2)]
  4171 | D:4      | Killed Dowan
  4171 | D:4      | Reached skill level 11 in Ice Magic
  4171 | D:4      | Reached XP level 8. HP: 4/52 MP: 8/12
  4383 | D:4      | Noticed Natasha
  4385 | D:4      | Killed Natasha
  4522 | D:4      | Noticed Pikel
  4535 | D:4      | Killed Pikel
  4535 | D:4      | Reached skill level 4 in Spellcasting
  4535 | D:4      | Reached skill level 3 in Summonings
  4639 | D:4      | Noticed Natasha
  4650 | D:4      | Killed Natasha
  5182 | D:5      | Entered Level 5 of the Dungeon
  5266 | D:5      | Reached skill level 1 in Fighting
  5682 | D:5      | Reached skill level 3 in Dodging
  5682 | D:5      | Reached skill level 4 in Summonings
  5682 | D:5      | Reached XP level 9. HP: 61/61 MP: 9/15
  5782 | D:5      | Reached skill level 2 in Fighting
  6003 | D:5      | Noticed Menkaure
  6016 | D:5      | Killed Menkaure
  6130 | D:5      | Reached skill level 3 in Fighting
  6282 | D:5      | Reached skill level 4 in Dodging
  6282 | D:5      | Reached skill level 5 in Spellcasting
  6282 | D:5      | Reached skill level 12 in Ice Magic
  6288 | D:5      | Learned a level 4 spell: Hailstorm
  6722 | D:6      | Reached skill level 4 in Fighting
  6896 | D:6      | Found a staircase to the Ecumenical Temple.
  6910 | Temple   | Entered the Ecumenical Temple
  6977 | Temple   | Became a worshipper of Vehumet
  7011 | D:6      | Found a glowing drain.
  7020 | Sewer    | Entered a sewer
  7115 | Sewer    | Reached skill level 1 in Conjurations
  7247 | Sewer    | Found a white marble altar of Elyvilon.
  7318 | D:6      | Reached skill level 5 in Dodging
  7643 | D:6      | Reached * piety under Vehumet
  7643 | D:6      | Offered knowledge of Foxfire by Vehumet.
  7643 | D:6      | Reached skill level 5 in Fighting
  7644 | D:6      | Reached skill level 2 in Conjurations
  8146 | D:6      | Found a shadowy altar of Dithmenos.
  8270 | D:6      | Reached XP level 10. HP: 74/76 MP: 14/18
  8364 | D:6      | Reached skill level 6 in Fighting
  8364 | D:6      | Reached skill level 6 in Dodging
  9013 | D:7      | Found a sparkling altar of Nemelex Xobeh.
  9014 | D:7      | Found a hazy altar of Hepliaklqana.
  9015 | D:7      | Found a blossoming altar of Fedhas.
  9179 | D:7      | Reached skill level 3 in Conjurations
  9848 | D:7      | Reached skill level 6 in Spellcasting
 10342 | D:8      | Reached skill level 7 in Fighting
 10375 | D:8      | Got a polished rapier
 10376 | D:8      | Identified the cursed +3 rapier "Rayle" {holy, Dex+4} (You
                  | found it on level 8 of the Dungeon)
 10510 | D:8      | Offered knowledge of Searing Ray by Vehumet.
 10510 | D:8      | Reached skill level 7 in Dodging
 10540 | D:8      | Reached ** piety under Vehumet
 10764 | D:8      | Noticed Harold
 10778 | D:8      | Killed Harold
 10778 | D:8      | Reached skill level 8 in Fighting
 10778 | D:8      | Reached skill level 8 in Dodging
 10778 | D:8      | Reached skill level 4 in Conjurations
 11029 | D:8      | Noticed Psyche
 11038 | D:8      | Killed Psyche
 11319 | D:9      | Identified the +6 chain mail of the Dwarven Hall {*Corrode
                  | rF+++ MR+ Int+7}
 11334 | D:9      | Reached skill level 9 in Fighting
 11377 | D:9      | Reached skill level 9 in Dodging
 11377 | D:9      | Reached XP level 11. HP: 76/89 MP: 14/20
 11486 | D:9      | Identified +0 steam dragon scales
 11623 | D:9      | Noticed a deep elf mage
 11637 | D:9      | Killed a deep elf mage
 11807 | D:9      | Got an encrusted falchion
 11808 | D:9      | Identified the +10 falchion of Expedience {vorpal, +Blink
                  | rPois rF+} (You found it on level 9 of the Dungeon)
 11826 | D:9      | Found a shattered altar of Ashenzari.
 12056 | D:9      | Offered knowledge of Static Discharge by Vehumet.
 12133 | D:9      | Found a staircase to the Orcish Mines.
 12146 | D:9      | Reached skill level 10 in Fighting
 12151 | D:9      | Reached *** piety under Vehumet
 12273 | D:10     | Entered Level 10 of the Dungeon
 12471 | D:10     | Reached skill level 10 in Dodging
 12637 | D:10     | Offered knowledge of Inner Flame by Vehumet.
 13059 | D:10     | Killed an unseen horror
 13283 | D:10     | Got a distressingly furry robe
 13294 | D:10     | Identified the +1 robe of the Untouchables {rF- rC- rN++
                  | Dex+8} (You found it on level 10 of the Dungeon)
 13350 | D:11     | Noticed a two-headed ogre
 13358 | D:11     | Killed a two-headed ogre
 13358 | D:11     | Reached skill level 11 in Fighting
 13689 | D:11     | Noticed a death yak
 13690 | D:11     | Found a staircase to the Lair.
 13690 | D:11     | Noticed a death yak
 13690 | D:11     | Noticed a death yak
 13690 | D:11     | Noticed a death yak
 13691 | D:11     | Noticed a death yak
 13713 | D:11     | Killed a death yak
 13713 | D:11     | Reached **** piety under Vehumet
 13713 | D:11     | Reached skill level 1 in Shields
 13715 | D:11     | Killed a death yak
 13715 | D:11     | Reached skill level 11 in Dodging
 13715 | D:11     | Reached skill level 2 in Shields
 13716 | D:11     | Noticed a death yak
 13723 | D:11     | Killed a death yak
 13726 | D:11     | Killed a death yak
 13726 | D:11     | Reached skill level 3 in Shields
 13726 | D:11     | Reached XP level 12. HP: 35/101 MP: 3/21
 13729 | D:11     | Killed a death yak
 13733 | D:11     | Killed a death yak
 13733 | D:11     | Offered knowledge of Iskenderun's Battlesphere by Vehumet.
 13733 | D:11     | Reached skill level 12 in Fighting
 13733 | D:11     | Reached skill level 4 in Shields
 13754 | D:11     | Killed from afar by a gargoyle

Vanquished Creatures
  Harold (D:8)
  A two-headed ogre (D:11)
  3 death yaks (D:11)
  An unseen horror (D:10)
  Pikel (D:4)
  A deep elf mage (D:9)
  Psyche (D:8)
  2 trolls
  A hornet (D:8)
  Sigmund (D:3)
  3 wyverns
  Eustachio (D:4)
  2 steam dragons
  Menkaure (D:5)
  2 soldier ants
  Duvessa (D:4)
  4 orc warriors
  2 black bears (D:6)
  2 ice beasts
  4 sky beasts
  4 phantoms
  3 ogres
  4 centaurs
  A lemure (D:4)
  4 big kobolds
  Blork the orc (D:4)
  4 bullfrogs
  A gnoll sergeant (D:9)
  A wyvern skeleton (D:9)
  Dowan (D:4)
  3 scorpions
  9 killer bees
  An electric eel (D:10)
  7 howler monkeys
  13 wights
  3 bullfrog zombies
  3 hounds
  7 orc wizards
  A quasit (D:9)
  12 orc priests
  A bullfrog skeleton (D:9)
  A jelly (D:9)
  2 iguanas
  Ijyb (D:3)
  Natasha (thrice) (D:4)
  7 worker ants
  2 hound zombies
  2 hound skeletons
  A worker ant zombie (D:8)
  11 adders
  11 gnolls
  2 howler monkey skeletons
  A river rat (Sewer)
  2 shadow imps (D:5)
  A white imp (D:3)
  6 ufetubi
  4 oozes
  An adder zombie (D:7)
  2 worms
  A dart slug (D:1)
  4 leopard geckos
  40 orcs
  5 giant cockroaches
  10 goblins
  10 hobgoblins
  12 jackals
  4 quokkas
  5 ball pythons
  A ball python zombie (D:6)
  3 bats
  7 frilled lizards
  18 kobolds
  A quokka skeleton (D:5)
  18 rats
318 creatures vanquished.

Vanquished Creatures (collateral kills)
  3 death yaks (D:11)
3 creatures vanquished.

Vanquished Creatures (others)
  4 toadstools (D:1)
4 creatures vanquished.

Grand Total: 325 creatures vanquished
